 Dungeon Crawl Stone Soup version 0.18.1-1-g2f07953 (webtiles) character file.

147 Sixotanaka the Chiller (level 5, 0/35 HPs)
             Began as a Human Ice Elementalist on May 12, 2016.
             Slain by a phantom (4 damage)
             ... on level 4 of the Dungeon.
             The game lasted 00:05:33 (2690 turns).

Sixotanaka the Chiller (Human Ice Elementalist)     Turns: 2690, Time: 00:05:34

Health: 0/35       AC:  8    Str:  8    XL:     5   Next: 55%
Magic:  2/8        EV: 12    Int: 16    God:
Gold:   174        SH:  0    Dex: 14    Spells: 3 memorised, 2 levels left

rFire  . . .     SeeInvis .     r - +1 falchion (holy)
rCold  + . .     Gourm    .     a - +0 robe
rNeg   . . .     Faith    .     (no shield)
rPois  .         Spirit   .     (no helmet)
rElec  .         Dismiss  .     k - +0 cloak
rCorr  .         Reflect  .     (no gloves)
SustAt .         Harm     .     (no boots)
MR     .....                    u - amulet of inaccuracy (curse)
Stlth  ++........               p - ring of protection from cold
                                (no ring)

@: icy armour, slow, not resistant to hostile enchantments, unstealthy
A: no striking features
a: no special abilities


You were on level 4 of the Dungeon.
You were not hungry.

You visited 1 branch of the dungeon, and saw 4 of its levels.

You collected 174 gold pieces.


   Skills:
 - Level 2.0 Dodging
 - Level 2.0 Stealth
 - Level 2.0 Spellcasting
 - Level 1.0 Conjurations
 + Level 5.8 Ice Magic


You had 2 spell levels left.
You knew the following spells:

 Your Spells              Type           Power        Failure   Level  Hunger
a - Ozocubu's Armour      Chrm/Ice       ##......     21%         3    ###....
x - Throw Frost           Conj/Ice       ##....       10%         2    ###....
z - Freeze                Ice            ###.         1%          1    #......


Dungeon Overview and Level Annotations

Branches:
Dungeon (4/15)
 Temple: D:4-7

Altars:
Makhleb

Annotations:
D:3 exclusion: centaur

Inventory:

Hand Weapons
 g - a +0 whip
 n - a +2 vampiric dagger {!w}
   (You took it off a kobold on level 2 of the Dungeon)
 r - a +1 falchion of holy wrath (weapon)
   (You found it on level 3 of the Dungeon)
Armour
 a - a +0 robe (worn)
 k - a +0 cloak (worn)
Jewellery
 p - a ring of protection from cold (right hand)
 u - a cursed amulet of inaccuracy (around neck)
Wands
 o - a wand of flame (29/48)
Scrolls
 f - 3 scrolls of teleportation {unknown}
 l - 3 scrolls of identify {unknown}
 m - a scroll of recharging {unknown}
 s - a scroll of fog {unknown}
 t - 2 scrolls of amnesia {unknown}
 w - a scroll of immolation {unknown}
Potions
 d - a potion of cancellation {unknown}
 e - a potion of degeneration {unknown}
 i - 3 potions of curing {unknown}
 j - a potion of cure mutation {unknown}
 q - a potion of might {unknown}
 x - a potion of haste {unknown}
Books
 b - a book of Frost
Comestibles
 c - 2 bread rations
 h - 2 slices of pizza
 v - a chunk of flesh

#..# ###..#
#######....#
#..........###
##..####......##
#..## ##.......#
###.##
##.ยง.####..
##.W## #...##
#.@## #..## ####
#W.# #..###
##...###
##..W.####
###.....#
##..).. #..<..
#>....


You could see a phantom.


Message History

You are feeling hungry.
Eat which item? (? for menu, Esc to quit)
Okay, then.
You see here 17 bolts.
There is a stone staircase leading up here.
Partly explored, can't reach some places.
A giant cockroach comes into view.
You can't go down here!
You catch the helpless giant cockroach momentarily off-guard.
You hit the giant cockroach.
You kill the giant cockroach!
Casting: Throw Frost
Aiming: Freeze That would be overly suicidal.
Okay, then.
You see here a giant cockroach corpse.
You butcher the giant cockroach corpse.
v - 2 chunks of flesh Eat one of 2 chunks of flesh? (ye/n/q/i?)
You continue eating. x2
There is a stone staircase leading down here.
Read which item? (? for menu, Esc to quit)
Okay, then.
You climb downwards.
Found 4 gold pieces, a falchion and a glowing grey potion.
Found a stone staircase leading down.
There is a stone staircase leading up here.
You now have 165 gold pieces (gained 4).
x - a glowing grey potion
Found 9 gold pieces.
Found a bloodstained ring mail.
A phantom comes into view.
The phantom blinks!
You see here 9 gold pieces.
You now have 174 gold pieces (gained 9).
The phantom blinks!
You completely miss the phantom. The phantom hits you!
You hit the phantom.
The phantom convulses!
The phantom misses you.
You miss the phantom.
The phantom blinks! x2
The phantom blinks!
You miss the phantom. The phantom misses you.
You barely miss the phantom. The phantom hits you.
You miss the phantom. The phantom closely misses you.
You closely miss the phantom. The phantom barely misses you.
The phantom hits you.
* * * LOW HITPOINT WARNING * * *
The phantom blinks!
You barely miss the phantom. The phantom closely misses you.
The phantom hits you.
* * * LOW HITPOINT WARNING * * *
You hit the phantom.
The phantom convulses.
The phantom barely misses you.
You closely miss the phantom. The phantom hits you!
* * * LOW HITPOINT WARNING * * *
Drink which item? (? for menu, Esc to quit)
Okay, then.
The phantom blinks!
Memorise Ozocubu's Armour, consuming 3 spell levels and leaving 2?
You start memorising the spell.
You continue memorising. x3
You finish memorising.
Spell assigned to 'a'.
The phantom blinks!
Casting: Freeze A film of ice covers your body!
The phantom hits you.
* * * LOW HITPOINT WARNING * * *
The phantom blinks!
Casting: Ozocubu's Armour Your icy armour thickens.
You hit the phantom.
The phantom convulses.
The phantom hits you.
* * * LOW HITPOINT WARNING * * *
The phantom hits you.
You die...

Action                   |  1- 3 |  4- 6 || total
-------------------------+-------+-------++-------
Melee: Whip              |    17 |     3 ||    20
       Falchion          |       |    13 ||    13
 Cast: Freeze            |    50 |    47 ||    97
       Ozocubu's Armour  |       |     2 ||     2
       Throw Frost       |       |     1 ||     1
  Use: Scroll            |     1 |     1 ||     2
 Stab: Distracted        |       |     1 ||     1
  Eat: Chunk             |     1 |     6 ||     7
Armor: Robe              |    11 |    10 ||    21
Dodge: Dodged            |    39 |    33 ||    72

Vault maps used:
D:1:      lemuel_arrival_room
D:2:      minmay_statues_item, makhleb_heckhound_becter
D:4:      nicolae_ru_the_path_less_chosen, serial_undead, serial_undead_f,
          serial_undead_d, serial_undead_e, serial_undead_a, first_bread

Notes
Turn   | Place    | Note
--------------------------------------------------------------
     0 | D:1      | Sixotanaka the Human Ice Elementalist began the quest for the Orb.
     0 | D:1      | Reached XP level 1. HP: 13/13 MP: 3/3
   297 | D:1      | Reached XP level 2. HP: 19/19 MP: 1/5
   623 | D:1      | Reached skill level 4 in Ice Magic
   623 | D:1      | Reached XP level 3. HP: 21/24 MP: 4/6
  1055 | D:2      | Reached XP level 4. HP: 30/30 MP: 0/7
  1304 | D:2      | Reached skill level 5 in Ice Magic
  1579 | D:2      | Found a burning altar of Makhleb.
  1586 | D:2      | Reached XP level 5. HP: 23/35 MP: 2/8
  2044 | D:3      | Noticed a centaur
  2399 | D:3      | Learned a level 2 spell: Throw Frost
  2643 | D:4      | Noticed a phantom
  2667 | D:4      | HP: 6/35 [phantom (8)]
  2680 | D:4      | Learned a level 3 spell: Ozocubu's Armour
  2685 | D:4      | HP: 7/35 [phantom (1)]
  2690 | D:4      | HP: 4/35 [phantom (4)]
  2690 | D:4      | Slain by a phantom

Vanquished Creatures
  A hound (D:2)
  5 adders
  An ooze (D:2)
  A worm (D:2)
  4 dart slugs
  3 giant geckos
  A ball python (D:1)
  2 giant cockroaches
  6 goblins
  5 hobgoblins
  5 jackals (D:2)
  6 kobolds
  6 bats
  4 giant newts
  6 rats
56 creatures vanquished.
